[Event "ICC tourney 2434 (75 10)"]
[Site "Internet Chess Club"]
[Date "2021.03.06"]
[Round "3"]
[White "Xiao, Michael:michaelxiao"]
[Black "DAMERDJI, SALIM:dgream"]
[Result "1/2-1/2"]
[ICCResult "Game drawn by mutual agreement"]
[WhiteElo "1332"]
[BlackElo "1422"]
[Opening "Caro-Kann: anti-anti-Caro-Kann defense"]
[ECO "B10"]
[NIC "CK.01"]
[Time "20:02:34"]
[PlyCount "69"]
[TimeControl "4500+10"]

1. e4 c6 2. c4 d5 3. cxd5 cxd5 4. exd5 Nf6 5. Nf3 Nxd5 6. d4 g6 7. Nc3 Bg7
8. Bb5+ Nc6 9. O-O O-O 10. Re1 e6 11. Nxd5 Qxd5 12. Bxc6 Qxc6 13. Bf4 b6
14. Qd2 Rd8 15. Rac1 Qd5 16. b3 Bb7 17. Red1 Rac8 18. Rxc8 Rxc8 19. Bh6 Bh8
20. h3 Qd6 21. Qd3 Bxf3 22. Qxf3 Bxd4 23. a4 Rd8 24. Rd2 e5 25. Rc2 Bc5 26.
Rd2 Bd4 27. Rc2 f5 28. Qb7 Rd7 29. Rc8+ Kf7 30. Rf8+ Qxf8 31. Qxd7+ Qe7 32.
Qd5+ Qe6 33. Qb7+ Qe7 34. Qd5+ Ke8 35. Qa8+ { Game drawn by mutual
agreement } 1/2-1/2

[Event "ICC tourney 2434 (75 10)"]
[Site "Internet Chess Club"]
[Date "2021.03.06"]
[Round "3"]
[White "ANDERSEN, JEFF C.:Paladin51"]
[Black "SHAH, KAIVAL:kaivalshah"]
[Result "1/2-1/2"]
[ICCResult "Game drawn by mutual agreement"]
[WhiteElo "1524"]
[BlackElo "1340"]
[Opening "Queen's pawn game"]
[ECO "D05"]
[NIC "QP.08"]
[Time "20:02:22"]
[PlyCount "43"]
[TimeControl "4500+10"]

1. d4 d5 2. Nf3 Nf6 3. e3 e6 4. Bd3 c5 5. c4 Nc6 6. O-O Be7 7. Nc3 O-O 8.
a3 cxd4 9. exd4 a6 10. cxd5 Nxd5 11. Ne4 f5 12. Nc3 Bf6 13. Bc4 b5 14. Ba2
Kh8 15. Re1 Nxc3 16. bxc3 Qd6 17. g3 e5 18. dxe5 Qxd1 19. Rxd1 Nxe5 20.
Nxe5 Bxe5 21. Bb2 Bb7 22. f4 { Game drawn by mutual agreement } 1/2-1/2

[Event "ICC tourney 2434 (75 10)"]
[Site "Internet Chess Club"]
[Date "2021.03.06"]
[Round "3"]
[White "SKARIAH, ANUSHKA ELIZABETH:kskariah"]
[Black "XU, ANDY YUEDUO:sillytiger"]
[Result "0-1"]
[ICCResult "White checkmated"]
[WhiteElo "1375"]
[BlackElo "1449"]
[Opening "Sicilian: O'Kelly variation"]
[ECO "B28"]
[NIC "SI.43"]
[Time "20:02:38"]
[PlyCount "128"]
[TimeControl "4500+10"]

1. e4 c5 2. Nf3 a6 3. d4 cxd4 4. Nxd4 Nf6 5. Nc3 e5 6. Nb3 Bb4 7. f3 Bxc3+
8. bxc3 d6 9. Be2 O-O 10. Bg5 Be6 11. O-O Qb6+ 12. Kh1 Nbd7 13. Qd2 h6 14.
Be3 Qc7 15. Rad1 Rac8 16. Bd3 Qxc3 17. Qe2 Qc7 18. Rc1 Nc5 19. Rfd1 Nxb3
20. cxb3 Qe7 21. Bc4 b5 22. Bxe6 Qxe6 23. Qd3 Rfd8 24. h3 Rxc1 25. Bxc1 Rc8
26. Ba3 Ne8 27. Bb4 Nf6 28. Qxd6 Qxd6 29. Rxd6 Ra8 30. Bc3 Kf8 31. Bxe5 Ke7
32. Rd2 a5 33. Bxf6+ Kxf6 34. g3 a4 35. b4 Rc8 36. Rd5 Rc1+ 37. Kg2 Rc2+
38. Kf1 Rxa2 39. Rxb5 Rb2 40. Ke1 a3 41. Ra5 a2 42. Ra6+ Kg5 43. Ra5+ Kg6
44. Ra6+ f6 45. b5 Rb1+ 46. Kd2 a1=Q 47. Rxa1 Rxa1 48. b6 Rb1 49. Ke3 Rxb6
50. Kf4 Rb3 51. h4 Ra3 52. g4 h5 53. gxh5+ Kxh5 54. Kf5 Rxf3+ 55. Ke6 Kxh4
56. Kf7 Re3 57. Kxg7 Rxe4 58. Kxf6 Kg4 59. Kf7 Kf5 60. Kg7 Re6 61. Kh7 Rg6
62. Kh8 Kf6 63. Kh7 Kf7 64. Kh8 Rh6# { White checkmated } 0-1

[Event "ICC tourney 2434 (75 10)"]
[Site "Internet Chess Club"]
[Date "2021.03.06"]
[Round "3"]
[White "BORGE, RONALD:LOCHAR"]
[Black "GINZBURG, LIORA:Liopleuradon15"]
[Result "1-0"]
[ICCResult "Black checkmated"]
[WhiteElo "1554"]
[BlackElo "1443"]
[Opening "English opening"]
[ECO "A20"]
[NIC "EO.24"]
[Time "20:02:22"]
[PlyCount "169"]
[TimeControl "4500+10"]

1. c4 e5 2. g3 Nf6 3. Bg2 Nc6 4. Nc3 Bb4 5. Nd5 Nxd5 6. cxd5 Ne7 7. a3 Ba5
8. Nf3 Ng6 9. O-O O-O 10. d4 e4 11. Ne5 f5 12. Nxg6 hxg6 13. h4 d6 14. Bg5
Qe8 15. Rc1 Bb6 16. e3 Qb5 17. Qc2 Qxd5 18. f3 exf3 19. Bxf3 Qe6 20. b4 c6
21. Rf2 d5 22. Rh2 Bd7 23. h5 gxh5 24. Rxh5 Be8 25. Rh1 Bd8 26. Qh2 Bg6 27.
Bf4 Be7 28. Qb2 Kf7 29. Rc2 Bd6 30. Qc3 Bxf4 31. gxf4 Rh8 32. Rch2 Rxh2 33.
Rxh2 Re8 34. Kf2 Qc8 35. Qc5 a6 36. a4 Qe6 37. Qc3 Qc8 38. b5 Rd8 39. Qb3
Ke6 40. Rg2 Kf6 41. Kg3 Bf7 42. Rc2 Qa8 43. bxc6 bxc6 44. Qb6 Rd6 45. a5
Re6 46. Rc3 g5 47. fxg5+ Kxg5 48. Qc7 Bh5 49. Qf4+ Kf6 50. Bxh5 Qg8+ 51.
Kf2 Qh7 52. Qh4+ Kg7 53. Qg5+ Kh8 54. Qd8+ Qg8 55. Qxg8+ Kxg8 56. Rb3 Kf8
57. Bf3 Ke7 58. Rb6 Kd6 59. Rxa6 Re8 60. Rb6 Ra8 61. a6 Ra7 62. Be2 Kc7 63.
Rb7+ Rxb7 64. axb7 Kxb7 65. Kf3 Kc7 66. Kf4 Kd6 67. Kxf5 c5 68. dxc5+ Kxc5
69. Ke5 Kc6 70. Bf3 Kd7 71. Bxd5 Ke7 72. Be6 Ke8 73. Kd6 Kd8 74. Bf5 Ke8
75. e4 Kd8 76. e5 Ke8 77. Ke6 Kf8 78. Kd7 Kg8 79. e6 Kf8 80. e7+ Kg7 81.
Be6 Kh7 82. e8=Q Kg7 83. Ke7 Kh7 84. Kf6 Kh6 85. Qh8# { Black checkmated }
1-0

[Event "ICC tourney 2434 (75 10)"]
[Site "Internet Chess Club"]
[Date "2021.03.06"]
[Round "3"]
[White "DALEY, EDWARD L:GoIrish"]
[Black "TORCHINSKY-FIELD, IZZY:strongbear"]
[Result "0-1"]
[ICCResult "White resigns"]
[WhiteElo "1464"]
[BlackElo "1300"]
[Opening "Réti: King's Indian attack"]
[ECO "A05"]
[NIC "QP.11"]
[Time "20:02:25"]
[PlyCount "120"]
[TimeControl "4500+10"]

1. Nf3 Nf6 2. g3 g6 3. Bg2 Bg7 4. O-O O-O 5. d3 Nc6 6. e4 d6 7. Nbd2 e5 8.
c3 b6 9. h4 Nd7 10. Qa4 Bb7 11. Bh3 Nc5 12. Qc2 Ba6 13. Ne1 Ne7 14. b4 Ne6
15. a4 f5 16. exf5 Nxf5 17. Bg2 Rb8 18. Bd5 Qe7 19. Ne4 Bb7 20. Bb3 Kh8 21.
Qa2 Rbe8 22. Bg5 Nxg5 23. Nxg5 Qf6 24. Nf7+ Rxf7 25. Bxf7 Rf8 26. Bd5 Bxd5
27. Qxd5 Nxg3 28. Ng2 Nxf1 29. Rxf1 Qf3 30. Qc4 Rf7 31. Ne1 Qf4 32. Qd5
Qg4+ 33. Ng2 Qf3 34. Qe6 Qf5 35. Qd5 e4 36. Qxe4 Qxe4 37. dxe4 Bxc3 38. b5
Bd4 39. Ne1 Rf4 40. Kg2 Rxe4 41. Nf3 Bc5 42. Ng5 Rxa4 43. Ne6 Rxh4 44. Nxc7
Ra4 45. Re1 Ra2 46. Rf1 Kg7 47. Kg3 h5 48. f3 Kf6 49. Nd5+ Ke5 50. Nf4 Kf5
51. Nd5 g5 52. Ne7+ Kf6 53. Nd5+ Ke5 54. Nc3 Ra3 55. Re1+ Kd4 56. Ne4 g4
57. Nd2 gxf3 58. Nxf3+ Kc4 59. Re4+ Kxb5 60. Kf4 Ra4 { White resigns } 0-1

[Event "ICC tourney 2434 (75 10)"]
[Site "Internet Chess Club"]
[Date "2021.03.07"]
[Round "4"]
[White "GINZBURG, LIORA:Liopleuradon15"]
[Black "CAMPERS, WILLIE:BillietheKid"]
[Result "1-0"]
[ICCResult "Black resigns"]
[WhiteElo "1443"]
[BlackElo "1477"]
[Opening "QGD semi-Slav"]
[ECO "D43"]
[NIC "QP.09"]
[Time "13:02:29"]
[PlyCount "63"]
[TimeControl "4500+10"]

1. Nf3 d5 2. d4 Nf6 3. c4 e6 4. Nc3 c6 5. Bg5 Be7 6. e3 Nbd7 7. Bd3 Qb6 8.
Rb1 Qa5 9. c5 h6 10. Bh4 O-O 11. O-O Re8 12. h3 b5 13. b4 Qd8 14. a4 bxa4
15. Qxa4 Bb7 16. b5 cxb5 17. Bxb5 Bc8 18. Ne5 Rf8 19. Bxf6 Nxf6 20. Bc6 Qc7
21. Bxa8 Bxc5 22. dxc5 Qxe5 23. Nb5 a6 24. Nd6 Bd7 25. Qxa6 d4 26. exd4
Qxd4 27. Bc6 Qxc5 28. Bxd7 Nxd7 29. Rbc1 Qg5 30. Rc8 Ne5 31. Rxf8+ Kxf8 32.
f4 { Black resigns } 1-0

[Event "ICC tourney 2434 (75 10)"]
[Site "Internet Chess Club"]
[Date "2021.03.07"]
[Round "4"]
[White "REMPE, LENNIK:Kokosnuss1000"]
[Black "SKARIAH, ANUSHKA ELIZABETH:kskariah"]
[Result "0-1"]
[ICCResult "White resigns"]
[WhiteElo "1450"]
[BlackElo "1375"]
[Opening "French: exchange variation"]
[ECO "C01"]
[NIC "FR.01"]
[Time "13:02:33"]
[PlyCount "40"]
[TimeControl "4500+10"]

1. e4 e6 2. d4 d5 3. exd5 exd5 4. Nf3 Nf6 5. Bd3 Be7 6. O-O O-O 7. Ne5 c5
8. Be3 Nc6 9. f4 Nxd4 10. Bxd4 cxd4 11. c3 dxc3 12. Nxc3 Qb6+ 13. Rf2 Bc5
14. Qe2 Bxf2+ 15. Qxf2 Qxf2+ 16. Kxf2 Be6 17. f5 Bc8 18. Rd1 Re8 19. Re1
Rxe5 20. Rxe5 Ng4+ { White resigns } 0-1

[Event "ICC tourney 2434 (75 10)"]
[Site "Internet Chess Club"]
[Date "2021.03.07"]
[Round "4"]
[White "WANG, YUANZHE:yogokings12"]
[Black "GIRISH, NIYATHI:missqueen"]
[Result "1/2-1/2"]
[ICCResult "Game drawn by repetition"]
[WhiteElo "1576"]
[BlackElo "1315"]
[Opening "KGD: classical, 4.c3"]
[ECO "C30"]
[NIC "KG.05"]
[Time "13:03:11"]
[PlyCount "48"]
[TimeControl "4500+10"]

1. e4 e5 2. f4 Bc5 3. Nf3 d6 4. c3 Nf6 5. fxe5 dxe5 6. Nxe5 O-O 7. d4 Bb6
8. Bd3 Nbd7 9. Nxd7 Bxd7 10. O-O Bg4 11. Be2 Bxe2 12. Qxe2 h6 13. e5 Nd5
14. Kh1 f6 15. e6 c6 16. c4 Ne7 17. c5 Bc7 18. Be3 Qd5 19. Bg1 Rae8 20. Nc3
Qg5 21. Ne4 Qd5 22. Nc3 Qg5 23. Ne4 Qd5 24. Nc3 Qg5 { Game drawn by
repetition } 1/2-1/2

[Event "ICC tourney 2434 (75 10)"]
[Site "Internet Chess Club"]
[Date "2021.03.07"]
[Round "4"]
[White "LAIDO, OLIVIA:beibeiolivia"]
[Black "CHARBONNIER, JAMES MICHAEL:Electryon"]
[Result "0-1"]
[ICCResult "White checkmated"]
[WhiteElo "1440"]
[BlackElo "1359"]
[Opening "French: advance, Euwe variation"]
[ECO "C02"]
[NIC "FR.03"]
[Time "13:02:17"]
[PlyCount "116"]
[TimeControl "4500+10"]

1. e4 e6 2. d4 d5 3. e5 c5 4. c3 Nc6 5. Nf3 Bd7 6. Be2 f6 7. O-O fxe5 8.
Nxe5 Nxe5 9. dxe5 Qc7 10. Bf4 O-O-O 11. Nd2 Nh6 12. Rc1 Be7 13. b4 Rdf8 14.
Bg3 c4 15. Nf3 Nf5 16. Rb1 Nxg3 17. fxg3 Qb6+ 18. Kh1 Qe3 19. Qc2 g5 20.
Rbe1 Qb6 21. Rb1 g4 22. Nd4 h5 23. h4 Qc7 24. b5 Qxe5 25. Bxc4 dxc4 26. Ne2
Rxf1+ 27. Rxf1 Rf8 28. Rxf8+ Bxf8 29. a4 Qf5 30. Qxf5 exf5 31. Kg1 Bc5+ 32.
Kf1 a6 33. bxa6 Bxa4 34. axb7+ Kxb7 35. Ke1 Be3 36. Nf4 Bxf4 37. gxf4 Bc2
38. g3 Kc6 39. Kd2 Bd3 40. Ke3 Kd5 41. Kf2 Ke4 42. Kg2 Ke3 43. Kg1 Kf3 44.
Kh2 Kf2 45. Kh1 Kxg3 46. Kg1 Kxh4 47. Kh2 g3+ 48. Kg2 Kg4 49. Kg1 Kxf4 50.
Kg2 h4 51. Kg1 h3 52. Kh1 Be4+ 53. Kg1 h2+ 54. Kf1 h1=Q+ 55. Ke2 Qf3+ 56.
Kd2 Qd3+ 57. Ke1 Qc2 58. Kf1 Qf2# { White checkmated } 0-1

[Event "ICC tourney 2434 (75 10)"]
[Site "Internet Chess Club"]
[Date "2021.03.07"]
[Round "4"]
[White "NEALE, MARK ROBERT:mrneale"]
[Black "Shan, Ethan:ethanshan"]
[Result "0-1"]
[ICCResult "White checkmated"]
[WhiteElo "1528"]
[BlackElo "1492"]
[Opening "Dutch"]
[ECO "A80"]
[NIC "HD.12"]
[Time "13:02:23"]
[PlyCount "74"]
[TimeControl "4500+10"]

1. d4 f5 2. Nf3 Nf6 3. Bf4 g6 4. e3 Bg7 5. Nbd2 O-O 6. h3 d6 7. Bd3 Qe8 8.
O-O Nbd7 9. c3 e5 10. dxe5 dxe5 11. Bh2 e4 12. Bc4+ Kh8 13. Nd4 Ne5 14. Bb3
Bd7 15. Nc4 Nh5 16. Ne2 Nd3 17. Bxc7 b5 18. Nd6 Qe7 19. Qc2 Bc6 20. Nf7+
Rxf7 21. Bxf7 Qxc7 22. Bb3 f4 23. Nd4 fxe3 24. fxe3 Bd7 25. Rf7 Qg3 26.
Rxd7 Qxe3+ 27. Kh2 Be5+ 28. Kh1 Ng3+ 29. Kh2 Nf1+ 30. Kh1 Nf2+ 31. Kg1
Nxh3+ 32. Kxf1 Rf8+ 33. Rf7 Rxf7+ 34. Bxf7 Qg1+ 35. Ke2 Qf2+ 36. Kd1 Qf1+
37. Kd2 Bf4# { White checkmated } 0-1

[Event "ICC tourney 2434 (75 10)"]
[Site "Internet Chess Club"]
[Date "2021.03.07"]
[Round "4"]
[White "JING, ANDREW:andrewj508"]
[Black "ANDERSEN, JEFF C.:Paladin51"]
[Result "0-1"]
[ICCResult "White checkmated"]
[WhiteElo "1312"]
[BlackElo "1524"]
[Opening "Sicilian: closed"]
[ECO "B23"]
[NIC "SI.44"]
[Time "13:02:18"]
[PlyCount "58"]
[TimeControl "4500+10"]

1. e4 c5 2. Nc3 a6 3. f4 b5 4. Nf3 Bb7 5. d3 e6 6. g3 d6 7. Bg2 Nf6 8. O-O
Nc6 9. h3 Be7 10. Kh2 O-O 11. Bd2 b4 12. Ne2 Qc7 13. g4 Nd7 14. g5 f6 15.
h4 f5 16. exf5 exf5 17. Ng3 g6 18. Bh3 Rae8 19. h5 d5 20. hxg6 hxg6 21. Nh4
Kg7 22. Bxf5 Rh8 23. Kh3 Rxh4+ 24. Kxh4 Rh8+ 25. Kg4 Nde5+ 26. fxe5 Nxe5+
27. Kf4 d4 28. Qe2 Rh4+ 29. Bg4 Nxd3# { White checkmated } 0-1

[Event "ICC tourney 2434 (75 10)"]
[Site "Internet Chess Club"]
[Date "2021.03.07"]
[Round "4"]
[White "Xia, Joshua:MathMonkey"]
[Black "Li, Jingtu Oscar:ZYCON"]
[Result "0-1"]
[ICCResult "White resigns"]
[WhiteElo "1383"]
[BlackElo "1364"]
[Opening "Sicilian: dragon, classical, Richter variation"]
[ECO "B73"]
[NIC "SI.15"]
[Time "13:02:21"]
[PlyCount "110"]
[TimeControl "4500+10"]

1. e4 c5 2. Nf3 d6 3. d4 cxd4 4. Nxd4 Nf6 5. Nc3 g6 6. Be2 Nc6 7. O-O Bg7
8. Be3 O-O 9. Qd2 Bd7 10. Rad1 a6 11. f3 Rc8 12. Na4 Nxd4 13. Bxd4 Bxa4 14.
b3 Bd7 15. Rf2 Qc7 16. c4 b5 17. g4 bxc4 18. bxc4 Be6 19. g5 Nd7 20. f4
Bxd4 21. Qxd4 Nb6 22. f5 Bd7 23. h4 Qc5 24. Qd3 Qxc4 25. Qe3 Qc5 26. Qf3
Bb5 27. h5 Bxe2 28. Qxe2 Qc4 29. Qf3 Nd7 30. f6 exf6 31. gxf6 Ne5 32. Qf4
Qe6 33. Qh6 Qg4+ 34. Kh2 Qxh5+ 35. Qxh5 gxh5 36. Rg2+ Kh8 37. Rxd6 Rg8 38.
Rxg8+ Kxg8 39. Rxa6 h6 40. a4 Kh7 41. Ra7 Kg6 42. a5 Kxf6 43. a6 Rc2+ 44.
Kg3 Ra2 45. Ra8 Nc6 46. Kh4 Nb4 47. Kxh5 Rxa6 48. Rxa6+ Nxa6 49. Kxh6 Ke5
50. Kg5 f6+ 51. Kg6 Nc5 52. Kh5 Kxe4 53. Kg4 f5+ 54. Kg3 f4+ 55. Kf2 f3 {
White resigns } 0-1

[Event "ICC tourney 2434 (75 10)"]
[Site "Internet Chess Club"]
[Date "2021.03.07"]
[Round "4"]
[White "JACOBS, STEVE:Steviejay"]
[Black "MITRA, AHANA:lovechess1225"]
[Result "1/2-1/2"]
[ICCResult "Game drawn by mutual agreement"]
[WhiteElo "1429"]
[BlackElo "1478"]
[Opening "Torre attack (Tartakower variation)"]
[ECO "D03"]
[NIC "QP.08"]
[Time "13:02:33"]
[PlyCount "67"]
[TimeControl "4500+10"]

1. d4 d5 2. Nf3 Nf6 3. Bg5 e6 4. Nbd2 Be7 5. e3 c6 6. Bd3 h6 7. Bxf6 Bxf6
8. O-O O-O 9. Re1 Nd7 10. Rc1 e5 11. dxe5 Nxe5 12. Nxe5 Bxe5 13. c3 Be6 14.
Nf3 Bd6 15. Nd4 Re8 16. Nxe6 Rxe6 17. Bb1 Qh4 18. h3 Qg5 19. Qg4 Qxg4 20.
hxg4 Rae8 21. Red1 Bc7 22. c4 dxc4 23. Rxc4 Rd6 24. Rcd4 Rxd4 25. Rxd4 Rd8
26. Rxd8+ Bxd8 27. f4 Kf8 28. Kf2 Ke7 29. e4 Bb6+ 30. Ke2 Kd6 31. Kd3 Bf2
32. f5 Ke5 33. Bc2 Kf4 34. Bd1 { Game drawn by mutual agreement } 1/2-1/2

[Event "ICC tourney 2434 (75 10)"]
[Site "Internet Chess Club"]
[Date "2021.03.07"]
[Round "4"]
[White "PRADEEP, PRANAV:blitzstriker"]
[Black "Xiao, Michael:michaelxiao"]
[Result "1-0"]
[ICCResult "Black resigns"]
[WhiteElo "1445"]
[BlackElo "1332"]
[Opening "French: exchange variation"]
[ECO "C01"]
[NIC "FR.01"]
[Time "13:02:39"]
[PlyCount "129"]
[TimeControl "4500+10"]

1. e4 e6 2. d4 d5 3. exd5 exd5 4. Nf3 Nf6 5. Bd3 Bd6 6. Bg5 O-O 7. O-O h6
8. Be3 Bg4 9. h3 Bh5 10. Nbd2 Re8 11. c4 dxc4 12. Bxc4 Nc6 13. Qb3 Na5 14.
Qc3 Nxc4 15. Qxc4 Qd7 16. Qc2 Bg6 17. Qc4 Ne4 18. Rfe1 Nxd2 19. Bxd2 Bh5
20. Qc3 a5 21. a3 b6 22. Ne5 Bxe5 23. Rxe5 Rxe5 24. dxe5 Rd8 25. Bf4 c5 26.
Qg3 Qe6 27. Qh4 Rd1+ 28. Rxd1 Bxd1 29. Qd8+ Kh7 30. Qxd1 Qa2 31. Qc2+ Kh8
32. Qd2 Qe6 33. Qd6 Qb3 34. Qd2 Qe6 35. Qd8+ Kh7 36. Qd3+ Kh8 37. Bg3 Qc6
38. b3 Qe6 39. Qc4 Qg6 40. Kh2 Kh7 41. f3 Kh8 42. a4 Kg8 43. Qb5 Qe6 44.
Qc4 Qc6 45. Bh4 Qe8 46. Qd5 Kh7 47. Qd3+ g6 48. Bf6 h5 49. Qd8 Qxd8 50.
Bxd8 Kh6 51. Bxb6 c4 52. bxc4 Kg5 53. c5 Kf5 54. c6 Ke6 55. c7 Kd7 56. Bxa5
Kc8 57. Kg3 Kb7 58. Kh4 Kc8 59. Kg5 Kd7 60. Kf6 Kc8 61. Kxf7 Kb7 62. e6 Kc8
63. e7 g5 64. e8=Q+ Kb7 65. c8=Q+ { Black resigns } 1-0

[Event "ICC tourney 2434 (75 10)"]
[Site "Internet Chess Club"]
[Date "2021.03.07"]
[Round "4"]
[White "ZHU, FLORINA:Florina12345"]
[Black "WAHARTE, LOUKA:lwaharte"]
[Result "1-0"]
[ICCResult "Black checkmated"]
[WhiteElo "1381"]
[BlackElo "1466"]
[Opening "Scotch: Mieses variation"]
[ECO "C45"]
[NIC "SO.04"]
[Time "13:02:16"]
[PlyCount "117"]
[TimeControl "4500+10"]

1. e4 e5 2. Nf3 Nc6 3. d4 exd4 4. Nxd4 Nf6 5. Nxc6 bxc6 6. e5 Nd5 7. c4 Nb6
8. Be2 Be7 9. O-O O-O 10. Qc2 Re8 11. b3 d5 12. Bf3 Be6 13. cxd5 cxd5 14.
Rd1 c5 15. Be3 Rc8 16. Nd2 Qc7 17. Bf4 Red8 18. Rac1 c4 19. bxc4 dxc4 20.
Ne4 Bf5 21. Rxd8+ Rxd8 22. Bg3 Bxe4 23. Bxe4 Qd7 24. Bxh7+ Kh8 25. Bf5 Qd4
26. Qe2 g6 27. Bg4 Nd5 28. e6 f6 29. Qxc4 Qxc4 30. Rxc4 f5 31. Bf3 g5 32.
Rd4 f4 33. Rxd5 fxg3 34. Rxd8+ Bxd8 35. fxg3 Kg7 36. Bd5 Bf6 37. Kf2 Kf8
38. Kf3 Ke7 39. Kg4 Kd6 40. Bb3 Ke5 41. h4 Kd6 42. hxg5 Bg7 43. Kf5 Ke7 44.
Kg6 Be5 45. g4 Kf8 46. Kh7 a5 47. g6 a4 48. Bxa4 Bf6 49. e7+ Kxe7 50. g7
Kf7 51. g8=Q+ Ke7 52. Qe8+ Kd6 53. Qd7+ Ke5 54. Qf5+ Kd6 55. Qxf6+ Kc7 56.
Qe6 Kb8 57. Qd7 Ka8 58. Bc6+ Kb8 59. Qb7# { Black checkmated } 1-0

[Event "ICC tourney 2434 (75 10)"]
[Site "Internet Chess Club"]
[Date "2021.03.07"]
[Round "4"]
[White "Xiao, Marina:marinaxiao"]
[Black "BORGE, RONALD:LOCHAR"]
[Result "1/2-1/2"]
[ICCResult "Game drawn by repetition"]
[WhiteElo "1484"]
[BlackElo "1554"]
[Opening "Pirc: Ufimtsev-Pytel variation"]
[ECO "B07"]
[NIC "PU.08"]
[Time "13:02:36"]
[PlyCount "91"]
[TimeControl "4500+10"]

1. e4 d6 2. d4 Nf6 3. Nc3 c6 4. Nf3 Bg4 5. Be2 e6 6. Bf4 d5 7. e5 Nfd7 8.
Bg5 Be7 9. Bxe7 Qxe7 10. Qd2 Bxf3 11. Bxf3 b5 12. a4 b4 13. Na2 a5 14. c3
Na6 15. cxb4 Nxb4 16. Nxb4 axb4 17. O-O O-O 18. Rfc1 Rfc8 19. a5 c5 20.
dxc5 Rxc5 21. Rxc5 Qxc5 22. a6 Nxe5 23. Ra4 Nc6 24. Be2 h6 25. h3 Rb8 26.
Qe3 d4 27. Qd2 e5 28. Bf3 b3 29. Bxc6 Qxc6 30. a7 Ra8 31. Qb4 Qc7 32. Qa5
Qxa5 33. Rxa5 f6 34. Kf1 Kf7 35. Ke2 Ke6 36. Kd3 Kf5 37. g3 g5 38. Ra4 h5
39. Ra6 g4 40. h4 Kg6 41. Kc4 Kf5 42. Kd3 Kg6 43. Kc4 Kf5 44. Kd3 Kg6 45.
Kc4 Kf5 46. Kd3 { Game drawn by repetition } 1/2-1/2

[Event "ICC tourney 2434 (75 10)"]
[Site "Internet Chess Club"]
[Date "2021.03.07"]
[Round "4"]
[White "SHAH, KAIVAL:kaivalshah"]
[Black "Pulijala, Akshaj:akshajp"]
[Result "1/2-1/2"]
[ICCResult "Game drawn by mutual agreement"]
[WhiteElo "1340"]
[BlackElo "1394"]
[Opening "King's Indian defense, 3.Nc3"]
[ECO "D94"]
[NIC "GI.09"]
[Time "13:02:16"]
[PlyCount "51"]
[TimeControl "4500+10"]

1. d4 Nf6 2. c4 g6 3. Nc3 Bg7 4. Nf3 O-O 5. e3 d5 6. cxd5 Nxd5 7. Bd2 Nc6
8. Nxd5 Qxd5 9. Bc3 Bg4 10. Be2 Rfe8 11. h3 Bf5 12. O-O e5 13. dxe5 Qxd1
14. Rfxd1 Nxe5 15. Nxe5 Bxe5 16. g4 Bxc3 17. gxf5 Be5 18. fxg6 hxg6 19. Rd7
Bd6 20. Bc4 Rf8 21. Bd5 Rab8 22. Rc1 b6 23. b3 Rbd8 24. Rxd8 Rxd8 25. Bc6
Bc5 26. Rc2 { Game drawn by mutual agreement } 1/2-1/2

[Event "ICC tourney 2434 (75 10)"]
[Site "Internet Chess Club"]
[Date "2021.03.07"]
[Round "4"]
[White "DAMERDJI, SALIM:dgream"]
[Black "DALEY, EDWARD L:GoIrish"]
[Result "1-0"]
[ICCResult "Black resigns"]
[WhiteElo "1422"]
[BlackElo "1464"]
[Opening "Queen's pawn: London system"]
[ECO "A45"]
[NIC "QP.07"]
[Time "13:02:20"]
[PlyCount "97"]
[TimeControl "4500+10"]

1. d4 Nf6 2. Bf4 g6 3. Nc3 Bg7 4. e4 d6 5. Qd2 O-O 6. Bh6 e5 7. Bxg7 Kxg7
8. O-O-O Nc6 9. Nge2 b6 10. f3 a5 11. a4 Bd7 12. g4 exd4 13. Nxd4 Ne5 14.
Be2 Qe8 15. Ndb5 Qc8 16. h4 h5 17. g5 Ne8 18. f4 Ng4 19. Qd4+ Kg8 20. Bd3
c5 21. Qg1 c4 22. Be2 Bxb5 23. Nxb5 Qc5 24. Rd4 Rd8 25. Rh3 Nc7 26. Nxc7
Qxc7 27. Rxc4 Qd7 28. Rb3 d5 29. Rd4 Qe6 30. e5 Rc8 31. Rb5 Qf5 32. Bd3 Qe6
33. Rbxd5 Rc5 34. Rxc5 bxc5 35. Rc4 Rc8 36. Rxc5 Rxc5 37. Qxc5 Qa2 38. Kd2
Qxa4 39. Qc4 Qa1 40. Bxg6 Nxe5 41. Qc8+ Kg7 42. Bxh5 Qg1 43. Qc3 Qf2+ 44.
Be2 Kg6 45. Qxe5 Qxh4 46. Qf6+ Kh7 47. Qxf7+ Kh8 48. Qh5+ Qxh5 49. Bxh5 {
Black resigns } 1-0

[Event "ICC tourney 2434 (75 10)"]
[Site "Internet Chess Club"]
[Date "2021.03.07"]
[Round "4"]
[White "XU, ANDY YUEDUO:sillytiger"]
[Black "SULTAN, BASHIR CISSE:muzikmixer"]
[Result "0-1"]
[ICCResult "White resigns"]
[WhiteElo "1449"]
[BlackElo "1577"]
[Opening "English opening"]
[ECO "A10"]
[NIC "EO.22"]
[Time "13:02:48"]
[PlyCount "108"]
[TimeControl "4500+10"]

1. c4 d6 2. Nc3 e5 3. g3 f5 4. Bg2 Nf6 5. d3 Be7 6. Nf3 O-O 7. O-O a5 8.
Bg5 Nbd7 9. a3 c6 10. Rc1 Qe8 11. e4 fxe4 12. Nxe4 Nxe4 13. dxe4 a4 14.
Bxe7 Qxe7 15. b4 axb3 16. Qxb3 Nc5 17. Qe3 Ra4 18. Nd2 Be6 19. Rc3 Qf6 20.
Rfc1 Qf7 21. Bf1 Bg4 22. Be2 Bc8 23. Nb3 Ne6 24. Nd2 c5 25. Nf3 Nd4 26. Bd1
Ra8 27. Qe1 Be6 28. Nxd4 exd4 29. Rf3 Qc7 30. Rxf8+ Kxf8 31. a4 Qa5 32.
Qxa5 Rxa5 33. Kg2 Ke8 34. f4 Kd8 35. Kf3 Kc7 36. f5 Bd7 37. Ra1 b5 38. cxb5
Bxb5 39. Kf4 Bc6 40. e5 d5 41. e6 Kd6 42. g4 d3 43. h4 d4 44. Bb3 Bd5 45.
Bxd5 Kxd5 46. g5 c4 47. e7 Ra8 48. f6 gxf6 49. gxf6 Ke6 50. Ke4 d2 51. Kxd4
Kxf6 52. Kxc4 Kxe7 53. Kc3 Rxa4 54. Kxd2 Rxa1 { White resigns } 0-1

[Event "ICC tourney 2434 (75 10)"]
[Site "Internet Chess Club"]
[Date "2021.03.07"]
[Round "4"]
[White "Pendse, Vihaan:awakeprize"]
[Black "ZHUGE, KATHERINE:FlowingMelody"]
[Result "1/2-1/2"]
[ICCResult "Game drawn by repetition"]
[WhiteElo "1492"]
[BlackElo "1385"]
[Opening "Scotch gambit: Dubois-Réti defense"]
[ECO "C55"]
[NIC "KP.02"]
[Time "13:03:11"]
[PlyCount "118"]
[TimeControl "4500+10"]

1. e4 e5 2. Nf3 Nc6 3. d4 exd4 4. Bc4 Nf6 5. e5 d5 6. Bb5 Ne4 7. Nxd4 Bd7
8. Nxc6 bxc6 9. Be2 Bc5 10. O-O O-O 11. Bd3 Qh4 12. Bxe4 Qxe4 13. Re1 Qh4
14. Qf3 Rfe8 15. c3 Re6 16. Na3 Rg6 17. Bf4 Bf5 18. Bg3 Qg5 19. b4 Be4 20.
Rxe4 dxe4 21. Qxe4 Bb6 22. c4 a5 23. b5 Rd8 24. Nc2 cxb5 25. Bh4 Bxf2+ 26.
Bxf2 Qh5 27. cxb5 Re6 28. Bd4 Qg5 29. Rd1 Rh6 30. Rf1 Qh5 31. Qf4 Qg6 32.
Rf2 Rh5 33. g3 Rg5 34. Kg2 Rg4 35. Qf3 h6 36. Bc3 Rd3 37. Qa8+ Kh7 38. Qxa5
Qe4+ 39. Kg1 Rd1+ 40. Be1 Qxe5 41. Qa3 Rxe1+ 42. Nxe1 Qxe1+ 43. Kg2 Qe4+
44. Qf3 Qxf3+ 45. Rxf3 Ra4 46. Rxf7 Rxa2+ 47. Kh3 Ra5 48. Rxc7 Rxb5 49. Rc4
Kg6 50. Kg4 Rg5+ 51. Kf4 Rf5+ 52. Ke3 Ra5 53. Rg4+ Kf6 54. h4 Ra3+ 55. Kf4
Ra4+ 56. Kf3 Ra3+ 57. Kf4 Ra4+ 58. Kf3 Ra3+ 59. Kf4 Ra4+ { Game drawn by
repetition } 1/2-1/2